 Dungeon Crawl Stone Soup version 0.27-a0-101-g3cb999cee2 (webtiles) character file.

Game seed: 3215406266347586170

1134 tzalcoatl the Geomancer (level 8, -1/46 HPs)
             Began as a Gargoyle Earth Elementalist on Jan 20, 2021.
             Was a Follower of Nemelex Xobeh.
             Shot with a bolt by an orc warrior (9 damage)
             ... in a bailey on Jan 21, 2021.
             The game lasted 00:43:43 (6431 turns).

tzalcoatl the Geomancer (GrEE)                      Turns: 6431, Time: 00:43:44

Health: -1/46      AC: 11    Str: 11    XL:     8   Next: 36%
Magic:  10/14      EV: 12    Int: 25    God:    Nemelex Xobeh [*.....]
Gold:   338        SH:  5    Dex: 10    Spells: 0/15 levels left

rFire    . . .     SeeInvis .   G - +1 rapier (holy)
rCold    . . .     Faith    .   (no shield)
rNeg     + . .     Spirit   .   z - +0 robe (curse)
rPois    ∞         Reflect  +   j - +0 helmet
rElec    +         Harm     .   (no cloak)
rCorr    .         Rampage  .   F - +2 pair of gloves
Will     .....                  (no boots)
Stlth    ++........             m - amulet of reflection
HPRegen  0.15/turn              (no ring)
MPRegen  0.14/turn              u - +6 ring of intelligence

@: no status effects
A: negative energy resistance 1, electricity resistance, unbreathing,
petrification resistance, miasma immunity, AC +5
a: Renounce Religion, Draw Escape, Draw Destruction, Draw Summoning


You were in a bailey.
You worshipped Nemelex Xobeh.
Nemelex Xobeh was aware of your devotion.
You visited 2 branches of the dungeon, and saw 8 of its levels.
You also visited: Bailey.

You collected 338 gold pieces.

Inventory:

Hand Weapons
 a - a +1 whip of holy wrath
 b - a +0 dagger
 c - a +0 spear
 G - a +1 rapier of holy wrath (weapon)
Missiles
 h - 21 poisoned darts (quivered)
 n - 77 stones
 p - 7 atropa-tipped darts
Armour
 j - a +0 helmet (worn)
 z - a cursed +0 robe (worn)
 F - a +2 pair of gloves (worn)
Jewellery
 m - an amulet of reflection (around neck)
 u - a +6 ring of intelligence (right hand)
Wands
 r - a wand of acid (13)
 D - a wand of flame (9)
 E - a wand of paralysis (11)
Scrolls
 d - a scroll of amnesia {unknown}
 e - 4 scrolls of teleportation
 f - 5 scrolls of identify
 i - a scroll of blinking {unknown}
 k - 5 scrolls of remove curse
 o - a scroll of fog {unknown}
 q - a scroll of random uselessness {unknown}
 w - a scroll of enchant armour {unknown}
 y - a scroll of fear {unknown}
 C - a scroll of enchant weapon {unknown}
Potions
 g - 2 potions of cancellation
 l - a potion of mutation {unknown}
 s - a potion of heal wounds {unknown}
 t - a potion of might {unknown}
 v - a potion of flight {unknown}
 x - 5 potions of curing {unknown}
 A - a potion of lignification {unknown}
 B - 2 potions of ambrosia


   Skills:
 - Level 3.0 Fighting
 + Level 1.3 Maces & Flails
 - Level 1.5 Dodging
 + Level 2.9 Stealth
 - Level 4.0 Spellcasting
 - Level 5.0 Conjurations
 - Level 0.7 Transmutations
 + Level 8.2 Earth Magic
 + Level 1.4 Invocations


You couldn't memorise any spells.
You knew the following spells:

 Your Spells              Type           Power        Failure   Level
a - Sandblast             Erth           92%          1%          1
b - Stone Arrow           Conj/Erth      76%          1%          3
c - Lee's Rapid Deconstr  Erth           23%          9%          5
d - Petrify               Tmut/Erth      27%          14%         4
f - Passwall              Tmut/Erth      22%          2%          2

Your spell library contained the following spells:

 Spells                   Type           Power        Failure   Level


Dungeon Overview and Level Annotations

Branches:
Dungeon (7/15)             Temple (1/1) D:4          Bailey (1/1)

Altars:
Ashenzari
Cheibriados
Dithmenos
Elyvilon
Gozag
Kikubaaqudgha
Makhleb
Nemelex Xobeh
Okawaru
Qazlal
Ru
Sif Muna
Trog
Vehumet
Wu Jian
Xom
Yredelemnul
Zin
The Shining One

Shops:
D:6 (

Portals:
Abyss: D:4

Annotations:
D:4 2 transporters, Faydwarf's ghost, amateur HOFi
D:6 Maggie


Innate Abilities, Weirdness & Mutations

You are resistant to torment.
Your stone body is resilient. (AC +5)
You are immune to poison.
You resist negative energy. (rN+)
You are resistant to electric shocks. (rElec)
You can survive without breathing.
You are immune to petrification.
You are immune to miasma.


Message History

Aim: an orc warrior, wielding a +0 halberd and wearing a +0 ring mail (almost dead, strong, 21% to evade)
The blast of sand hits the orc warrior.
You kill the orc warrior!
n - 78 stones An orc warrior comes into view.
It is wielding a +0 arbalest.
Your Maces & Flails skill increases to level 1!
Your Invocations skill increases to level 1!
Casting: Sandblast (safe; 1% risk of failure)
Confirm with . or Enter, or press ? or * to list all spells.
Aiming: Sandblast (safe; 1% risk of failure)
Press: ? - help, Shift-Dir - straight line, f - orc warrior
Aim: an orc warrior, wielding a +0 halberd and wearing a +4 scale mail (lightly wounded, strong, very poisoned, 21% to evade)
The blast of sand hits the orc warrior.
The orc warrior is lightly wounded.
n - 77 stones The orc warrior shoots a bolt.
The bolt hits you!
* * * LOW HITPOINT WARNING * * *
The orc warrior shoots a bolt.
The bolt hits you!
You die...
Your body glows slightly and disappears.

#### ##∩## ####
.o..##...##....
≈≈≈..#...#.(≈≈≈
≈o≈≈......(≈≈o≈
o≈.......≈o
o....o. #...#
#.@.# ##∩## ###


You could see an orc knight, 5 orc warriors and an orc (strong).

Vanquished Creatures
  An orc warrior (Bailey)
  A sky beast (D:6)
  2 ice beasts
  An ogre (D:5)
  3 centaurs
  A jelly (D:6)
  3 orc wizards (D:4)
  An iguana (D:6)
  6 worker ants
  A worker ant zombie (D:6)
  4 adders
  3 white imps
  3 ufetubi
  An adder zombie (D:5)
  2 oozes
  An adder skeleton (D:6)
  4 worms
  4 leopard geckos
  16 orcs
  2 giant cockroaches
  3 goblins
  5 hobgoblins
  4 kobolds
  5 quokkas
  5 bats
  4 frilled lizards
  A quokka skeleton (D:4)
  3 rats (D:2)
90 creatures vanquished.

Vanquished Creatures (others)
  A human (D:2)
1 creature vanquished.

Grand Total: 91 creatures vanquished

Notes
Turn   | Place    | Note
-------+----------+-------------------------------------------
     0 | D:1      | tzalcoatl the Gargoyle Earth Elementalist began the quest
                  | for the Orb.
     0 | D:1      | Reached XP level 1. HP: 10/10 MP: 3/3
   484 | D:1      | Reached XP level 2. HP: 16/16 MP: 3/5
   836 | D:2      | Learned a level 2 spell: Passwall
   857 | D:2      | Found an iron altar of Okawaru.
   872 | D:2      | Reached skill level 1 in Fighting
  1169 | D:2      | Reached skill level 4 in Earth Magic
  1331 | D:2      | Reached XP level 3. HP: 20/20 MP: 4/6
  1443 | D:2      | Found an ancient bone altar of Kikubaaqudgha.
  1444 | D:2      | Noticed a human
  1446 | D:2      | Killed a human
  2321 | D:3      | Found a stormy altar of Qazlal.
  2627 | D:3      | Reached XP level 4. HP: 26/26 MP: 6/8
  3109 | D:4      | Noticed a small abomination
  3110 | D:4      | Noticed a small abomination
  3116 | D:4      | Found a one-way gate to the infinite horrors of the Abyss.
  3116 | D:4      | Noticed Faydwarf's ghost (amateur HOFi)
  3127 | D:4      | Found a transporter.
  3312 | D:4      | Found a transporter.
  3333 | D:4      | Reached XP level 5. HP: 31/31 MP: 6/9
  3406 | D:4      | Reached skill level 5 in Earth Magic
  3616 | D:4      | Found a staircase to the Ecumenical Temple.
  3624 | Temple   | Entered the Ecumenical Temple
  4015 | Temple   | Became a worshipper of Nemelex Xobeh the Trickster
  4220 | D:4      | Upgraded the game from 0.27-a0-96-gb51a1d6fd6 to
                  | 0.27-a0-101-g3cb999cee2
  4234 | D:5      | Entered Level 5 of the Dungeon
  4240 | D:5      | Learned a level 3 spell: Stone Arrow
  4283 | D:5      | Noticed an ice beast
  4301 | D:5      | Killed an ice beast
  4302 | D:5      | Reached skill level 1 in Conjurations
  4302 | D:5      | Reached XP level 6. HP: 37/37 MP: 3/11
  4375 | D:5      | Reached skill level 6 in Earth Magic
  4558 | D:5      | Found a basalt altar of Yredelemnul.
  4723 | D:5      | Reached XP level 7. HP: 41/41 MP: 11/13
  4944 | D:5      | Reached * piety under Nemelex Xobeh
  5361 | D:6      | Received a gift from Nemelex Xobeh
  5659 | D:6      | Found Faohunn's Weapon Emporium.
  5771 | D:6      | Reached skill level 7 in Earth Magic
  6014 | D:6      | Reached XP level 8. HP: 39/46 MP: 11/14
  6088 | D:6      | Reached skill level 5 in Conjurations
  6333 | D:6      | Reached skill level 8 in Earth Magic
  6340 | D:6      | Found an ancient bone altar of Kikubaaqudgha.
  6341 | D:6      | Noticed Maggie
  6378 | D:7      | Found a flagged portal.
  6404 | D:7      | Learned a level 5 spell: Lee's Rapid Deconstruction
  6409 | D:7      | Learned a level 4 spell: Petrify
  6423 | Bailey   | Entered a bailey
  6423 | Bailey   | Noticed an orc knight
  6431 | Bailey   | Reached skill level 1 in Maces & Flails
  6431 | Bailey   | Reached skill level 1 in Invocations
  6431 | Bailey   | Shot with a bolt by an orc warrior

Illustrated notes

Levels and vault maps discovered:
D:1:      minmay_arrival_stone_box, layout_loops_cross,
          amcnicky_mini_corridor_feature
D:2:      layout_basic, old_standard_altar, tgw_kikubaaqudgha
D:3:      layout_rooms, nicolae_qazlal_eye_of_the_storm
D:4:      layout_rooms, minmay_temple_entry_glass,
          gammafunk_ghost_abyssal_escape, minmay_ruptured
D:5:      layout_basic, basic_altar
D:6:      layout_loops_ring, lemuel_round_altar, serial_shops,
          nicolae_shop_temple_entry_statues_fountains, minmay_pentangle,
          uniq_maggie
D:7:      layout_loops_ring, chequers_temple_overflow_minitemple,
          lemuel_coloured_pillars_altar, enter_bailey_2
Temple:   regret_index_temple_generic_petals
Bailey:   bailey_polearm_4, bailey

Skill      XL: |  1  2  3  4  5  6  7  8 |
---------------+-------------------------+-----
Fighting       | 1 2 3 |  3.0
Earth Magic    | 4 5 6 7 8 |  8.2
Spellcasting   | 3 4 |  4.0
Conjurations   | 1 2 4 5 |  5.0
Maces & Flails | 1 |  1.3
Invocations    | 1 |  1.4
Dodging        | |  1.5
Stealth        | |  2.9
Transmutations | |  0.7

Action                   |  1- 3 |  4- 6 |  7- 9 || total
-------------------------+-------+-------+-------++-------
Melee: Unarmed           |    67 |       |       ||    67
       Hand axe          |    18 |    31 |       ||    49
       Dagger            |       |    15 |     6 ||    21
       Whip              |       |       |    40 ||    40
Throw: Dart              |     5 |     5 |     4 ||    14
 Cast: Sandblast         |    35 |    47 |    41 ||   123
       Passwall          |       |       |     2 ||     2
       Stone Arrow       |       |       |     2 ||     2
  Use: Scroll            |       |     7 |     1 ||     8
 Stab: Sleeping          |     1 |       |     1 ||     2
Armor: Robe              |    25 |    24 |    22 ||    71
Dodge: Dodged            |    57 |    30 |    26 ||   113
Block: Other             |     8 |    11 |    11 ||    30
       Reflection        |     1 |       |     1 ||     2

Table legend: (Time is in decaauts)
 A = Elapsed time spent in this place.
 B = Non-inter-level travel time spent in this place.
 C = Inter-level travel time spent in this place.
 D = Time resting spent in this place.
 E = Time spent auto-exploring this place.
 F = Levels seen in this place.
 G = Mean time per level.
                   A        B        C        D        E       F      G
               +--------+--------+--------+--------+--------+-----+--------+
         Total |   6442 |   6315 |    127 |    395 |   4632 |   9 |  715.8 |
       Dungeon |   6024 |   5897 |    127 |    395 |   4448 |   7 |  860.6 |
        Temple |    410 |    410 |      0 |      0 |    184 |   1 |  410.0 |
        Bailey |      7 |      7 |      0 |      0 |      0 |   1 |    7.0 |
               +--------+--------+--------+--------+--------+-----+--------+

Top non-repeatable levels by time:
     D:2: 1182 daAuts
     D:6: 1138 daAuts
     D:4: 1073 daAuts
     D:5: 990 daAuts
     D:1: 822 daAuts
     D:3: 757 daAuts
  Temple: 410 daAuts
     D:7: 60 daAuts
  Bailey: 7 daAuts
